 Dungeon Crawl Stone Soup version 0.23-a0-370-gf497b7c (webtiles) character file.

6246 Garbasso the Grappler (level 10, -10/90 HPs)
             Began as a Troll Monk on Oct 24, 2018.
             Was a High Priest of Hepliaklqana.
             Mangled by an eight-headed hydra (12 damage)
             ... on level 1 of the Lair of Beasts.
             The game lasted 00:19:34 (7384 turns).

Garbasso the Grappler (Troll Monk)                  Turns: 7384, Time: 00:19:35

Health: -10/90     AC:  8    Str: 21    XL:     10   Next: 62%
Magic:  9/9        EV: 13    Int:  9    God:    Hepliaklqana [*****.]
Gold:   406        SH:  0    Dex: 12    Spells: 7/9 levels left

rFire    . . .     SeeInvis .     - Unarmed
rCold    + . .     Gourm    +   (no shield)
rNeg     . . .     Faith    .   u - +0 robe of Vukepsyb {rCorr}
rPois    .         Spirit   .   (helmet restricted)
rElec    .         Reflect  .   q - +2 cloak
rCorr    +         Harm     +   (gloves unavailable)
MR       +....                  (boots unavailable)
Stlth    ++........             j - amulet of harm
HPRegen  0.65/turn              p - ring of protection from cold
MPRegen  0.11/turn              n - ring of protection from magic

@: no status effects
A: large, unfitting armour, reduced essence, claws 3, fast metabolism 3,
gourmand, regeneration 1, shaggy fur 1, tough skin 2
a: Recall Ancestor, Ancestor Identity, Transference, Idealise, Renounce Religion


You were on level 1 of the Lair of Beasts.
You worshipped Hepliaklqana.
Hepliaklqana was extremely pleased with you.
You were completely stuffed.

You visited 2 branches of the dungeon, and saw 11 of its levels.

You collected 666 gold pieces.
You spent 260 gold pieces at shops.

Inventory:

Missiles
 B - 4 tomahawks (quivered)
Armour
 c - a scarf of cloud immunity
 q - a +2 cloak (worn)
 u - the +0 robe of Vukepsyb (worn) {rCorr}
   (You found it on level 10 of the Dungeon)

   It provides partial protection from all sources of acid and corrosion.
 C - a +0 shield
Jewellery
 j - an amulet of harm (around neck)
 n - a ring of protection from magic (right claw)
 p - a ring of protection from cold (left claw)
 x - an uncursed ring of positive energy
Wands
 a - a wand of iceblast (6)
 f - a wand of clouds (5)
 r - a wand of random effects (17)
Scrolls
 e - 5 scrolls of fear
 g - 4 scrolls of remove curse
 h - 7 scrolls of teleportation
 k - 4 scrolls of enchant armour
 v - 3 scrolls of amnesia
 y - a scroll of enchant weapon
Potions
 d - 2 potions of flight
 i - 3 potions of haste
 l - a potion of agility {unknown}
 m - 5 potions of magic
 o - a potion of berserk rage
 t - 3 potions of heal wounds
 w - 4 potions of brilliance
 z - a potion of mutation {unknown}
 A - a potion of ambrosia {unknown}
Comestibles
 b - 21 rations


   Skills:
 + Level 6.5 Fighting
 + Level 6.6 Dodging
 - Level 1.0 Stealth
 + Level 3.1 Shields
 * Level 11.8 Unarmed Combat
 - Level 1.1 Necromancy


You had 7 spell levels left.
You knew the following spells:

 Your Spells              Type           Power        Failure   Level  Hunger
a - Confusing Touch       Hex            #.....       38%         1    ##.....
b - Animate Skeleton      Necr           N/A          26%         1    ##.....

Your spell library contained the following spells:

 Spells                   Type           Power        Failure   Level  Hunger
 Apportation              Tloc           #.....       38%         1    ##.....
 Magic Dart               Conj           #...         38%         1    ##.....
 Summon Small Mammal      Summ           #...         38%         1    ##.....
 Searing Ray              Conj           #.....       52%         2    ###....
 Dazzling Spray           Conj/Hex       #.....       77%         3    ####...
 Force Lance              Conj/Tloc      #.......     99%         4    #####..
 Fulminant Prism          Conj/Hex       #.........   99%         4    #####..
 Iskenderun's Mystic Bla  Conj           #.......     99%         4    #####..


Dungeon Overview and Level Annotations

Branches:
Dungeon (10/15)            Temple (0/1) D:4            Lair (1/6) D:10
    Orc: D:9-12

Altars:
Ashenzari
Dithmenos
Hepliaklqana
Kikubaaqudgha
Okawaru
Qazlal
Uskayaw
Xom
Yredelemnul

Shops:
D:4 :   D:5 :%*   D:6 ?%%%

Annotations:
D:10 2 transporters, MisterFreud's ghost, novice DDFi


Innate Abilities, Weirdness & Mutations

You are too large for most types of armour.
You have claws for hands.
Your metabolism is lightning-fast.
You like to eat raw meat.
Your natural rate of healing is unusually fast.
You are covered in fur. (AC +1)
You have very tough skin. (AC +2)
Your life essence is reduced to manifest your ancestor. (-10% HP)


Message History

The eight-headed hydra bites you but does no damage.
The eight-headed hydra bites you!
The eight-headed hydra completely misses you.
The eight-headed hydra bites you. The eight-headed hydra bites you!
You barely miss the eight-headed hydra.
The eight-headed hydra is severely wounded.
The eight-headed hydra bites you. The eight-headed hydra bites you! x2
* * * LOW HITPOINT WARNING * * *
The eight-headed hydra closely misses you. x2
The eight-headed hydra barely misses you.
The eight-headed hydra bites you!
* * * LOW HITPOINT WARNING * * *
The eight-headed hydra completely misses you.
You barely miss the eight-headed hydra.
The eight-headed hydra is severely wounded.
The eight-headed hydra bites you!
* * * LOW HITPOINT WARNING * * *
The eight-headed hydra barely misses you.
The eight-headed hydra bites you!
You die...

...≈≈≈≈.........
...≈≈≈≈≈........
..≈≈≈≈≈.........
..≈≈≈≈≈)<.......
..≈≈≈≈≈.........
#.≈≈≈≈≈≈........
#.≈≈≈≈≈≈≈≈......
##.≈≈≈≈†D.#.##.#
##..≈≈≈@###.. #
###....# .##
....(#### #
..... ......
...... .....


You could see an eight-headed hydra.

Vanquished Creatures
  A gargoyle (D:10)
  A centaur skeleton (D:10)
  2 hippogriffs
  5 yaks (D:10)
  2 basilisks (D:10)
  A hungry ghost (D:10)
  A water moccasin (D:10)
  3 porcupines (D:10)
  An orc warrior (D:7)
  A sky beast (D:10)
  2 ice beasts
  2 black bears
  2 phantoms
  3 ogres
  2 crocodiles
  2 bullfrogs
  A gnoll sergeant (D:9)
  4 scorpions
  9 wights
  3 crimson imps
  2 bullfrog zombies
  A centaur zombie (D:8)
  5 hounds
  3 jellies
  7 orc priests
  A gnoll shaman (D:7)
  3 orc wizards
  3 iguanas
  6 worker ants
  A hound skeleton (D:5)
  A howler monkey zombie (D:5)
  2 worker ant zombies
  Robin (D:2)
  15 gnolls
  7 adders
  A shadow imp (D:7)
  2 oozes (D:2)
  4 dart slugs
  8 leopard geckos
  21 orcs
  3 bats
  3 giant cockroaches
  14 hobgoblins
  19 jackals
  3 kobolds
  2 quokkas
  3 ball pythons
  2 frilled lizards
  15 goblins
  A leopard gecko skeleton (D:5)
  A quokka skeleton (D:8)
  10 rats
218 creatures vanquished.

Vanquished Creatures (collateral kills)
  An ice beast (D:10)
  A centaur (D:10)
  A black bear (D:7)
  2 scorpions
  2 wights
  An electric eel (Lair:1)
  A crimson imp (D:10)
  An orc wizard (D:5)
  2 adders
  A gnoll (D:9)
  An orc (D:7)
  3 jackals
  A kobold (D:3)
  A quokka (D:6)
19 creatures vanquished.

Vanquished Creatures (others)
  2 hexers
  A bush (D:10)
  4 fungi (D:10)
  13 plants (D:10)
20 creatures vanquished.

Grand Total: 257 creatures vanquished

Notes
Turn   | Place    | Note
-------+----------+-------------------------------------------
     0 | D:1      | Garbasso the Troll Monk began the quest for the Orb.
     0 | D:1      | Reached XP level 1. HP: 22/22 MP: 0/0
   226 | D:1      | Reached XP level 2. HP: 29/29 MP: 1/1
   673 | D:2      | Noticed Robin
   683 | D:2      | Reached XP level 3. HP: 28/36 MP: 2/2
   686 | D:2      | Killed Robin
   700 | D:2      | Reached skill level 4 in Unarmed Combat
   883 | D:2      | Found a shimmering altar of Xom.
   884 | D:2      | Found an iron altar of Okawaru.
   884 | D:2      | Found a stormy altar of Qazlal.
   943 | D:2      | Found a shattered altar of Ashenzari.
  1033 | D:2      | Reached XP level 4. HP: 41/44 MP: 3/3
  1406 | D:3      | Reached skill level 5 in Unarmed Combat
  1483 | D:3      | Found a hazy altar of Hepliaklqana.
  1494 | D:3      | Reached XP level 5. HP: 43/52 MP: 4/4
  1500 | D:3      | Became a worshipper of Hepliaklqana the Forgotten
  1500 | D:3      | Reached * piety under Hepliaklqana
  1500 | D:3      | Reached ** piety under Hepliaklqana
  1606 | D:3      | Remembered your ancestor Ahmose as a hexer
  1825 | D:3      | Found an ancient bone altar of Kikubaaqudgha.
  2099 | D:4      | Found a staircase to the Ecumenical Temple.
  2194 | D:4      | Found Luaz's Book Shoppe.
  2218 | D:4      | Noticed a phantom
  2233 | D:4      | Killed a phantom
  2233 | D:4      | Reached skill level 6 in Unarmed Combat
  2233 | D:4      | Reached XP level 6. HP: 50/53 MP: 5/5
  2489 | D:5      | Entered Level 5 of the Dungeon
  2603 | D:5      | Found Qacvul's Food Boutique.
  2720 | D:5      | Reached skill level 7 in Unarmed Combat
  2726 | D:5      | Reached XP level 7. HP: 48/60 MP: 6/6
  2737 | D:5      | Found a shadowy altar of Dithmenos.
  2737 | D:5      | Found a basalt altar of Yredelemnul.
  2760 | D:5      | Reached *** piety under Hepliaklqana
  2766 | D:5      | Found Axte's Assorted Antiques.
  3030 | D:5      | Found Ytzegesu's Book Shoppe.
  3056 | D:5      | Bought a book of Cantrips for 260 gold pieces
  3058 | D:5      | Learned a level 1 spell: Confusing Touch
  3060 | D:5      | Learned a level 1 spell: Animate Skeleton
  3209 | D:6      | Found Omenauty's Magic Scroll Boutique.
  3262 | D:6      | Found Woopnais's Food Boutique.
  3487 | D:6      | Reached skill level 8 in Unarmed Combat
  3583 | D:6      | Found Nibirrul's Food Emporium.
  3629 | D:6      | Reached XP level 8. HP: 57/70 MP: 7/7
  3677 | D:6      | Found Decim's Food Emporium.
  4470 | D:7      | Reached skill level 9 in Unarmed Combat
  4640 | D:7      | Found a hide-covered altar of Uskayaw.
  4748 | D:7      | Reached skill level 5 in Dodging
  4816 | D:7      | Reached XP level 9. HP: 78/78 MP: 8/8
  5039 | D:8      | Found a stormy altar of Qazlal.
  5042 | D:8      | Reached skill level 5 in Fighting
  5304 | D:8      | Reached skill level 10 in Unarmed Combat
  5304 | D:8      | Reached skill level 1 in Necromancy
  5323 | D:8      | Reached **** piety under Hepliaklqana
  6158 | D:9      | Reached ***** piety under Hepliaklqana
  6497 | D:10     | Entered Level 10 of the Dungeon
  6501 | D:10     | Reached skill level 1 in Shields
  6516 | D:10     | Found a transporter.
  6653 | D:10     | Reached skill level 11 in Unarmed Combat
  6662 | D:10     | Got a crude robe
  6663 | D:10     | Identified the +0 robe of Vukepsyb {rCorr} (You found it on
                  | level 10 of the Dungeon)
  6697 | D:10     | Reached XP level 10. HP: 77/88 MP: 9/9
  6749 | D:10     | Noticed MisterFreud's ghost (novice DDFi)
  6749 | D:10     | Noticed a two-headed ogre
  6869 | D:10     | Noticed a two-headed ogre
  6869 | D:10     | Noticed a two-headed ogre
  6992 | D:10     | Found a transporter.
  7019 | D:10     | Found a staircase to the Lair.
  7316 | D:10     | Noticed a gargoyle
  7325 | D:10     | Killed a gargoyle
  7374 | Lair:1   | Entered Level 1 of the Lair of Beasts
  7374 | Lair:1   | Noticed a six-headed hydra
  7384 | Lair:1   | HP: 2/90 [eight-headed hydra (10)]
  7384 | Lair:1   | Mangled by an eight-headed hydra

Vault maps used:
D:1:      eino_arrival_druids_welcome, hex_medium
D:2:      nicolae_overflow_crystal_walls,
          chequers_temple_overflow_statue_of_worship, first_ration, uniq_robin
D:3:      overflow_temple_1_default, lemuel_crystal_altar, item_on_display_b
D:4:      minmay_temple_entry_crystal_x, serial_shops, shop
D:5:      gammafunk_temple_overflow_wave, serial_shops,
          nicolae_shop_overgrown_old_shop, nicolae_shop_waterfront,
          nicolae_shop_temple_entry_statues_fountains
D:6:      serial_shops, shop_coins, shop, shop, kennysheep_little_box
D:7:      nicolae_overflow_hidden_temple
D:8:      basic_altar
D:10:     minmay_lair_entry_grove, gammafunk_ghost_smash
Lair:1:   serial_bayou_shore_b, lemuel_fruit_fields, infiniplex_staircase_pool,
          lemuel_fruit_fields

Skill      XL: |  1  2  3  4  5  6  7  8  9 10 |
---------------+-------------------------------+-----
Unarmed Combat | 4 5 6 7 8 9 11 | 11.8
Dodging        | 3 4 5 6 |  6.6
Fighting       | 3 4 5 6 |  6.5
Necromancy     | 1 |  1.1
Shields        | 1 3 |  3.1
Stealth        | |  1.0

Action                   |  1- 3 |  4- 6 |  7- 9 | 10-12 || total
-------------------------+-------+-------+-------+-------++-------
Melee: Unarmed           |    76 |   152 |   295 |    52 ||   575
       Punch             |     1 |     2 |    16 |     4 ||    23
Throw: Tomahawk          |       |       |     1 |       ||     1
 Cast: Confusing Touch   |       |       |     1 |       ||     1
Invok: Ancestor Life: He |       |     1 |       |       ||     1
       Recall Ancestor   |       |       |     3 |       ||     3
       Transference      |       |       |     1 |       ||     1
  Use: Scroll            |       |       |    17 |       ||    17
       Potion            |       |       |       |     1 ||     1
 Stab: Sleeping          |     3 |     1 |     3 |       ||     7
       Confused          |       |     1 |     1 |       ||     2
       Distracted        |       |       |     2 |     1 ||     3
  Eat: Chunk             |    15 |    15 |    35 |    10 ||    75
Armor: Robe              |    20 |    41 |    83 |    12 ||   156
Dodge: Dodged            |    36 |    63 |   156 |    42 ||   297

Table legend:
 A = Non-vault XP
 B = Vault XP
 C = Vault XP percentage of total XP
 D = Non-vault monster count
 E = Vault monster count
 F = Vault count percentage of total count
                 A         B        C        D         E       F
            +---------+---------+-------+---------+---------+-------
      Total |    6801 |    2122 |  23.8 |     212 |      25 |  10.5
            +---------+---------+-------+---------+---------+-------
        D:1 |      23 |       0 |   0.0 |      14 |       0 |   0.0
        D:2 |      58 |      36 |  38.3 |      23 |      12 |  34.3
        D:3 |     121 |       0 |   0.0 |      26 |       0 |   0.0
        D:4 |     244 |       0 |   0.0 |      13 |       0 |   0.0
        D:5 |     375 |       0 |   0.0 |      24 |       0 |   0.0
        D:6 |     684 |       0 |   0.0 |      18 |       0 |   0.0
        D:7 |    1319 |       0 |   0.0 |      41 |       0 |   0.0
        D:8 |     867 |       0 |   0.0 |      16 |       0 |   0.0
        D:9 |    1051 |       0 |   0.0 |      17 |       0 |   0.0
       D:10 |    2008 |    2086 |  51.0 |      19 |      13 |  40.6
     Lair:1 |      51 |       0 |   0.0 |       1 |       0 |   0.0
            +---------+---------+-------+---------+---------+-------
